 Dungeon Crawl Stone Soup version 0.27-a0-1555-g0e7b3fb (webtiles) character file.

Game seed: 9010030331519445608

17 Meow the Digger (level 2, 20/20 HPs)
             Began as a Ghoul Earth Elementalist on July 14, 2021.
             Quit the game on level 1 of the Dungeon.
             The game lasted 00:02:16 (890 turns).

Meow the Digger (Ghoul Earth Elementalist)           Turns: 890, Time: 00:02:16

Health: 20/20      AC:  2    Str: 11    XL:     2   Next: 62%
Magic:  4/4        EV: 12    Int: 10    God:
Gold:   39         SH:  0    Dex:  9    Spells: 4/5 levels left

rFire    . . .     SeeInvis .   (no weapon)
rCold    + . .     Faith    .   (no shield)
rNeg     + + +     Spirit   .   b - +0 robe
rPois    ∞         Reflect  .   (no helmet)
rElec    .         Harm     .   (no cloak)
rCorr    .         Rampage  .   (no gloves)
Will     .....                  (no boots)
Stlth    ++........             (no amulet)
HPRegen  0.00/turn              (no ring)
MPRegen  0.09/turn              (no ring)

@: no status effects
A: claws 1, cold resistance 1, negative energy resistance 3, inhibited
regeneration, torment resistance 2
a: no special abilities


You were on level 1 of the Dungeon.
You visited 1 branch of the dungeon, and saw 1 of its levels.

You collected 39 gold pieces.

Inventory:

Missiles
 c - 42 stones
 f - 22 arrows
Armour
 b - a +0 robe (worn)
Scrolls
 d - a scroll of enchant armour {unknown}
 e - 2 scrolls of immolation {unknown}
Potions
 a - a potion of cancellation {unknown}


   Skills:
 + Level 2.0 Dodging
 + Level 2.3 Stealth
 + Level 2.2 Spellcasting
 + Level 0.8 Transmutations
 + Level 3.5 Earth Magic


You had 4 spell levels left.
You knew the following spells:

 Your Spells              Type           Power      Damage    Failure   Level
a - Sandblast             Erth           16%        2d6       7%          1

Your spell library contained the following spells:

 Spells                   Type           Power      Damage    Failure   Level
 Passwall                 Tmut/Erth      4%         N/A       19%         2
 Apportation              Tloc           2%         N/A       30%         1
 Stone Arrow              Conj/Erth      8%         3d7       41%         3
 Petrify                  Tmut/Erth      5%         N/A       77%         4
 Alistair's Intoxication  Tmut/Pois      0%         N/A       100%        5
 Invisibility             Hex            0%         N/A       100%        6


Dungeon Overview and Level Annotations

Branches:
Dungeon (1/15)

Altars:


Innate Abilities, Weirdness & Mutations

You thrive by killing the living.
You are immune to poison.
You have sharp fingernails.
Your flesh is cold resistant. (rC+)
You are immune to negative energy. (rN+++)
You do not regenerate when monsters are visible.
You are immune to unholy pain and torment.


Message History

The bat is moderately wounded.
The bat misses you. The bat hits you but does no damage.
You closely miss the bat. The bat barely misses you.
The bat closely misses you.
You miss the bat. The bat hits you. The bat closely misses you.
You scratch the bat.
You kill the bat!
Your Dodging skill increases to level 2!
Found a stone staircase leading down.
You now have 39 gold pieces (gained 17).
You start resting.
HP restored.
c - 42 stones (gained 21) Key pressed, stopping explore.
Key pressed, stopping explore.
A ball python comes into view.
The ball python hisses angrily.
A goblin comes into view. It is wielding a +0 club.
The goblin shouts!
You scratch the ball python.
You kill the ball python!
Found a stone staircase leading down.
The goblin hits you but does no damage.
You barely miss the goblin. The goblin hits you but does no damage.
You closely miss the goblin. The goblin misses you.
You scratch the goblin but do no damage.
The goblin barely misses you.
You scratch the goblin.
You kill the goblin!
You see here a +0 club.
Found an escape hatch in the floor.
Key pressed, stopping explore.
There is a stone staircase leading down here.
You see here a +0 club.
A hobgoblin comes into view.
The hobgoblin shouts!
Unknown command.
Unknown command.
Are you sure you want to abandon this character and quit the game? (Confirm with "yes".)

#.#.# #.#>#
#.#.# #.#.#
.#######.#.#
...........#
.#######.###
.#######.#
.g.....@.#
.#########


You could see a hobgoblin.

Vanquished Creatures
  A ball python (D:1)
  2 bats (D:1)
  2 endoplasms (D:1)
  4 goblins (D:1)
  A quokka (D:1)
  3 frilled lizards (D:1)
  2 kobolds (D:1)
  A rat (D:1)
16 creatures vanquished.

Notes
Turn   | Place    | Note
-------+----------+-------------------------------------------
     0 | D:1      | Meow the Ghoul Earth Elementalist began the quest for the
                  | Orb.
     0 | D:1      | Reached XP level 1. HP: 14/14 MP: 2/2
   324 | D:1      | Reached XP level 2. HP: 16/20 MP: 0/4
   890 | D:1      | Quit the game

Illustrated notes

Levels and vault maps discovered:
D:1:      dpeg_arrival_three_smaller_balls, layout_loops_ring,
          minmay_statues_item, minmay_heptomino_w4

Skill      XL: |  1  2 |
---------------+-------+-----
Spellcasting   | 2 |  2.2
Dodging        | 2 |  2.0
Stealth        | |  2.3
Transmutations | |  0.8
Earth Magic    | |  3.5

Action                   || total
-------------------------++-------
Melee: Unarmed           ||    43
 Cast: Sandblast         ||    14
Armor: Robe              ||    11
Dodge: Dodged            ||    30

Table legend: (Time is in decaauts)
 A = Elapsed time spent in this place.
 B = Non-inter-level travel time spent in this place.
 C = Inter-level travel time spent in this place.
 D = Time resting spent in this place.
 E = Time spent auto-exploring this place.
 F = Levels seen in this place.
 G = Mean time per level.
                   A        B        C        D        E       F      G
               +--------+--------+--------+--------+--------+-----+--------+
         Total |    890 |    890 |      0 |    335 |    403 |   1 |  890.0 |
       Dungeon |    890 |    890 |      0 |    335 |    403 |   1 |  890.0 |
               +--------+--------+--------+--------+--------+-----+--------+

Top non-repeatable levels by time:
     D:1: 890 daAuts
